 Dungeon Crawl Stone Soup version 0.30-a0-913-g9934a0c (webtiles) character file.

Game seed: 18292899603430880715

553 Dorkslayer the Covered (level 7, -3/66 HPs)
             Began as a Gargoyle Fighter on Mar 19, 2023.
             Slain by Crazy Yiuf
             ... wielding a +3 quarterstaff of chaos
              (6 damage)
             ... on level 4 of the Dungeon.
             The game lasted 00:09:47 (4005 turns).

Dorkslayer the Covered (Gargoyle Fighter)           Turns: 4005, Time: 00:09:49

Health: -3/66      AC: 23    Str: 20    XL:     7   Next: 29%
Magic:  7/7        EV:  2    Int:  8    God:
Gold:   182        SH:  5    Dex: 11    Spells: 6/6 levels left

rFire   . . .      SeeInvis .    a - +0 long sword
rCold   . . .      Faith    .    c - +0 buckler
rNeg    + . .      Spirit   .    k - melded +0 plate armour
rPois   ∞          Reflect  .    (helmet currently unavailable)
rElec   .          Rampage  .    (cloak currently unavailable)
rCorr   .          NoTele   +    (gloves currently unavailable)
Will    .....                    (boots currently unavailable)
Stlth   +                        (no amulet)
HPRegen 0.31/turn                b - ring of flight
MPRegen 0.10/turn                (no ring)

@: agile, tree-form
A: stationary, stasis, torment immunity, boosted hp, sickness immunity, AC +4,
negative energy resistance 1, (electricity resistance), torment resistance 1,
petrification resistance
a: no special abilities


You were on level 4 of the Dungeon.
You were a tree.
You visited 2 branches of the dungeon, and saw 5 of its levels.

You collected 182 gold pieces.

Inventory:

Hand Weapons
 a - a +0 long sword (weapon)
Armour
 c - a +0 buckler (worn)
 k - a +0 plate armour (melded)
Jewellery
 b - a ring of flight (left branch)
Scrolls
 f - 2 scrolls of magic mapping
 g - a scroll of poison {unknown}
 h - 2 scrolls of fear
 l - a scroll of enchant weapon {unknown}
Potions
 d - a potion of mutation
 e - 2 potions of flight


   Skills:
 * Level 4.8 Fighting
 + Level 3.2 Long Blades
 * Level 4.8 Armour
 + Level 3.1 Dodging
 + Level 4.6 Shields


You had 6 spell levels left.
You didn't know any spells.
Your spell library contained the following spells:

 Spells                   Type           Power      Damage    Failure   Level
 Beastly Appendage        Tmut           0%         N/A       50%         1
 Kiss of Death            Conj/Necr      0%         2d5       50%         1
 Ensorcelled Hibernation  Hex/Ice        0%         N/A       63%         2
 Wereblood                Tmut           0%         N/A       63%         2
 Confusing Touch          Hex            0%         N/A       86%         3
 Ignite Poison            Fire/Tmut/Pois 0%         N/A       86%         3
 Spider Form              Tmut/Pois      0%         N/A       86%         3
 Anguish                  Hex/Necr       0%         N/A       99%         4
 Dispel Undead            Necr           0%         3d6       99%         4
 Sticky Flame             Conj/Fire      0%         2d3       99%         4
 Ignition                 Fire           0%         3d3       100%        8


Dungeon Overview and Level Annotations

Branches:
Dungeon (4/15)             Temple (1/1) D:4

Altars:
Ashenzari
Cheibriados
Dithmenos
Fedhas
Kikubaaqudgha
Makhleb
Okawaru
Ru
Sif Muna
Trog
Xom

Annotations:
D:4 Crazy Yiuf


Innate Abilities, Weirdness & Mutations

You are a tree.
Your roots penetrate the ground, keeping you stationary.
You cannot be teleported.
You are immune to unholy pain and torment.
Your maximum health is greatly increased.
Your equipment is partially melded.
You are immune to sickness and miasma.
((Your stone body is resilient. (AC +4)))
You are immune to poison.
You resist negative energy. (rN+)
((You are resistant to electric shocks. (rElec)))
You are resistant to unholy torment.
You are immune to petrification.


Message History

Crazy Yiuf is lightly wounded.
Crazy Yiuf hits you but does no damage.
You hit Crazy Yiuf.
Crazy Yiuf is heavily wounded.
Crazy Yiuf hits you but does no damage.
Crazy Yiuf hits you with a +3 quarterstaff of chaos.
You hit Crazy Yiuf.
Crazy Yiuf is heavily wounded.
Crazy Yiuf hits you with a +3 quarterstaff of chaos.
Crazy Yiuf burns you.
You barely miss Crazy Yiuf.
Crazy Yiuf is heavily wounded.
Crazy Yiuf hits you but does no damage.
You hit Crazy Yiuf.
Crazy Yiuf is severely wounded.
Crazy Yiuf hits you but does no damage.
You are electrocuted!!
You hit Crazy Yiuf but do no damage.
Crazy Yiuf is severely wounded.
You block Crazy Yiuf's attack. Crazy Yiuf hits you but does no damage.
You feel agile all of a sudden.
You closely miss Crazy Yiuf.
Crazy Yiuf is severely wounded.
Crazy Yiuf hits you with a +3 quarterstaff of chaos.
You hit Crazy Yiuf but do no damage.
Crazy Yiuf is severely wounded.
Crazy Yiuf hits you with a +3 quarterstaff of chaos.
Crazy Yiuf freezes you.
You barely miss Crazy Yiuf.
Crazy Yiuf is severely wounded.
Crazy Yiuf hits you with a +3 quarterstaff of chaos.
Crazy Yiuf freezes you.
* * * LOW HITPOINT WARNING * * *
You hit Crazy Yiuf but do no damage.
Crazy Yiuf is severely wounded.
Crazy Yiuf hits you with a +3 quarterstaff of chaos.
* * * LOW HITPOINT WARNING * * *
You are electrocuted!
* * * LOW HITPOINT WARNING * * *
Crazy Yiuf hits you with a +3 quarterstaff of chaos.
You die...

..........†..##.#
....)......######
...........#
..!.?......# #####
.####'###### #..)#
.# #.# #...# .# #.#
... .# #.# #g# .#
#.# ##♣# .####.#
#.## ...##.# ####
##.# .#.##.# #..#
#.## .#.##.###.##
##.## ?#.##)##..#
#...## ...##....##
#....# ...##.##.##
##..##
...#..##..####....#
#######


You could see Crazy Yiuf.

Vanquished Creatures
  A gnoll sergeant (D:4)
  2 kobold brigands (D:3)
  An orc priest (D:3)
  A hound (D:4)
  A sleepcap (D:4)
  An orc wizard (D:3)
  5 gnolls (D:4)
  7 adders
  2 worms
  5 dart slugs
  10 orcs (D:3)
  2 ball pythons (D:4)
  3 endoplasms
  3 giant cockroaches
  9 goblins
  7 hobgoblins (D:3)
  7 jackals
  18 kobolds
  5 quokkas
  4 bats
  9 frilled lizards
  4 rats
107 creatures vanquished.

Notes
Turn   | Place    | Note
-------+----------+-------------------------------------------
     0 | D:1      | Dorkslayer the Gargoyle Fighter began the quest for the
                  | Orb.
     0 | D:1      | Reached XP level 1. HP: 14/14 MP: 1/1
   265 | D:1      | Reached XP level 2. HP: 7/19 MP: 2/2
   987 | D:2      | Reached skill level 1 in Dodging
   990 | D:2      | Reached XP level 3. HP: 18/23 MP: 3/3
  1199 | D:2      | Identified the +5 ring mail of Resilience {rF+ rCorr Dex+3}
  2062 | D:3      | Noticed a kobold brigand
  2066 | D:3      | Noticed a kobold brigand
  2077 | D:3      | Reached XP level 4. HP: 29/29 MP: 4/4
  2184 | D:3      | Found a shadowy altar of Dithmenos.
  2225 | D:3      | Reached XP level 5. HP: 25/33 MP: 5/5
  2575 | D:3      | Found a bloodstained altar of Trog.
  2762 | D:3      | Killed a kobold brigand
  2763 | D:3      | Reached XP level 6. HP: 32/38 MP: 6/6
  3316 | D:4      | Found a runed translucent door.
  3317 | D:4      | Noticed Crazy Yiuf
  3591 | D:4      | Reached XP level 7. HP: 22/44 MP: 7/7
  3688 | D:4      | Found a staircase to the Ecumenical Temple.
  3706 | Temple   | Entered the Ecumenical Temple
  4005 | D:4      | HP: 3/66 [Crazy Yiuf/+3 quarterstaff of chaos (11)]
  4005 | D:4      | Slain by Crazy Yiuf

Illustrated notes

Levels and vault maps discovered:
D:1:      eino_arrival_cavern_a, layout_basic, minmay_misc_feat_pillars
D:2:      layout_basic, serial_park_tiny_1
D:3:      cheibrodos_thug_alley, layout_basic,
          grunt_dithmenos_smoke_and_mirrors, trog_hazing_becter,
          nrook_mini_backslash
D:4:      layout_basic, temple_fountains, uniq_crazy_yiuf_cottage
Temple:   nicolae_temple_bog_church

Skill      XL: |  1  2  3  4  5  6 |
---------------+-------------------+-----
Long Blades    | 2 3 |  3.2
Dodging        | 1 2 3 |  3.1
Armour         | 4 |  4.8
Shields        | 4 |  4.6
Fighting       | 4 |  4.8

Action                     |  1- 3 |  4- 6 |  7- 9 || total
---------------------------+-------+-------+-------++-------
  Melee: Long sword        |   173 |   244 |    16 ||   433
    Use: Scroll            |     5 |     6 |       ||    11
         Potion            |       |     2 |     1 ||     3
 Armour: Scale mail        |    77 |    26 |       ||   103
         Chain mail        |       |   162 |       ||   162
         Plate armour      |       |    28 |     4 ||    32
         Skin              |       |       |     5 ||     5
  Dodge: Dodged            |    84 |   116 |     2 ||   202
  Block: Buckler           |    40 |    76 |     4 ||   120

Table legend: (Time is in decaauts)
 A = Elapsed time spent in this place.
 B = Non-inter-level travel time spent in this place.
 C = Inter-level travel time spent in this place.
 D = Time resting spent in this place.
 E = Time spent auto-exploring this place.
 F = Levels seen in this place.
 G = Mean time per level.
                   A        B        C        D        E       F      G
               +--------+--------+--------+--------+--------+-----+--------+
         Total |   4144 |   4144 |      0 |     78 |   2122 |   5 |  828.8 |
       Dungeon |   4025 |   4025 |      0 |     78 |   2103 |   4 | 1006.2 |
        Temple |    118 |    118 |      0 |      0 |     19 |   1 |  118.0 |
               +--------+--------+--------+--------+--------+-----+--------+

Top non-repeatable levels by time:
     D:3: 1199 daAuts
     D:2: 1131 daAuts
     D:1: 915 daAuts
     D:4: 778 daAuts
  Temple: 118 daAuts
